 Dungeon Crawl Stone Soup version 0.23.1 (webtiles) character file.

Game seed: 4587745237742091234

266 dengdeng the Chopper (level 6, -8/55 HPs)
             Began as a Hill Orc Berserker on Mar 19, 2019.
             Was a Believer of Trog.
             Mangled by an ogre
             ... wielding a +0 giant spiked club
              (14 damage)
             ... on level 4 of the Dungeon.
             The game lasted 00:10:47 (4173 turns).

dengdeng the Chopper (Hill Orc Berserker)           Turns: 4173, Time: 00:10:47

Health: -8/55      AC:  8    Str: 22    XL:     6   Next: 20%
Magic:  6/6        EV: 10    Int:  7    God:    Trog [**....]
Gold:   182        SH:  0    Dex: 10    Spells: 5/5 levels left

rFire    . . .     SeeInvis .   a - +0 hand axe
rCold    . . .     Gourm    .   (no shield)
rNeg     . . .     Faith    .   l - +0 scale mail
rPois    .         Spirit   .   (no helmet)
rElec    .         Reflect  .   u - +0 cloak
rCorr    .         Harm     .   (no gloves)
MR       .....                  (no boots)
Stlth    ..........             (no amulet)
HPRegen  0.18/turn              (no ring)
MPRegen  0.10/turn              (no ring)

@: no status effects
A: no striking features
a: Berserk, Trog's Hand, Renounce Religion


You were on level 4 of the Dungeon.
You worshipped Trog.
Trog was pleased with you.
You were hungry.

You visited 1 branch of the dungeon, and saw 4 of its levels.
You also visited: Sewer.

You collected 182 gold pieces.

Inventory:

Hand Weapons
 a - a +0 hand axe (weapon)
Missiles
 f - 79 stones (quivered)
 y - 4 tomahawks
Armour
 l - a +0 scale mail (worn)
 u - a +0 cloak (worn)
Wands
 o - a wand of random effects (21)
 p - a wand of acid (10)
 v - a wand of flame (8)
Scrolls
 d - 4 scrolls of identify {unknown}
 e - a scroll of noise {unknown}
 g - 3 scrolls of amnesia {unknown}
 i - a scroll of enchant armour {unknown}
 m - a scroll of fear {unknown}
 n - 2 scrolls of remove curse {unknown}
 t - a scroll of enchant weapon {unknown}
 w - a scroll of random uselessness {unknown}
Potions
 b - a potion of brilliance {unknown}
 h - a potion of invisibility
 j - 2 potions of curing {unknown}
 k - a potion of flight {unknown}
 q - a potion of ambrosia {unknown}
 s - a potion of might {unknown}
 x - a potion of heal wounds {unknown}
 z - a potion of lignification {unknown}
Comestibles
 c - 6 rations


   Skills:
 + Level 4.9 Fighting
 * Level 7.0 Axes
 + Level 0.3 Throwing
 + Level 3.2 Armour
 + Level 2.0 Dodging
 + Level 0.4 Stealth


You had 5 spell levels left.
You didn't know any spells.
Your spell library contained the following spells:

 Spells                   Type           Power        Failure   Level  Hunger
 Infusion                 Chrm           #...         77%         1    ##.....
 Shroud of Golubria       Chrm/Tloc      #.........   88%         2    ###....
 Song of Slaying          Chrm           #.......     88%         2    ###....
 Regeneration             Chrm/Necr      #.........   98%         3    ####...
 Spectral Weapon          Hex/Chrm       #.......     98%         3    ####...


Dungeon Overview and Level Annotations

Branches:
Dungeon (4/15)
 Temple: D:4-7

Altars:
Cheibriados


Message History

The ogre hits you with a +0 giant spiked club!!
Ouch! That really hurt!
You hit the ogre.
The ogre is severely wounded.
You slash the ogre!
The ogre is almost dead.
The ogre barely misses you.
You hit the ogre.
The ogre is almost dead.
The ogre hits you with a +0 giant spiked club.
You hit the ogre but do no damage.
The ogre is almost dead.
You barely miss the ogre.
The ogre is almost dead.
The ogre hits you with a +0 giant spiked club!
* * * LOW HITPOINT WARNING * * *
You barely miss the ogre.
The ogre is almost dead.
The ogre hits you with a +0 giant spiked club!
You die...

# .# ####.# .....#
.....# #####.....#
#....O....# #...@.....#
#.........#
#######.........#
#...............#
#...............#
#.........#.....#
#.........#####.#
#...............#
#........[##############


You could see an ogre.

Vanquished Creatures
  Purgy (Sewer)
  A howler monkey (D:3)
  A worker ant zombie (D:3)
  5 adders
  2 worms
  5 leopard geckos
  An orc (D:3)
  2 ball pythons (D:2)
  7 giant cockroaches
  13 goblins
  5 hobgoblins
  4 jackals
  A quokka (D:4)
  6 bats
  4 frilled lizards
  10 kobolds
  8 rats
76 creatures vanquished.

Notes
Turn   | Place    | Note
-------+----------+-------------------------------------------
     0 | D:1      | dengdeng the Hill Orc Berserker began the quest for the
                  | Orb.
     0 | D:1      | Reached XP level 1. HP: 19/19 MP: 1/1
   374 | D:1      | Reached XP level 2. HP: 16/27 MP: 2/2
  1330 | D:2      | Reached skill level 5 in Axes
  1424 | D:2      | Reached XP level 3. HP: 28/33 MP: 3/3
  1553 | D:2      | Reached ** piety under Trog
  1828 | D:2      | Reached XP level 4. HP: 22/41 MP: 4/4
  2627 | D:2      | Found a snail-covered altar of Cheibriados.
  2854 | D:3      | Found a glowing drain.
  2881 | Sewer    | Entered a sewer
  2979 | Sewer    | Noticed Purgy
  2992 | Sewer    | Killed Purgy
  2992 | Sewer    | Reached skill level 6 in Axes
  2992 | Sewer    | Reached XP level 5. HP: 17/47 MP: 5/5
  3677 | D:3      | Reached XP level 6. HP: 50/55 MP: 6/6
  3836 | D:3      | Found a faded altar of an unknown god.
  4078 | D:3      | Reached skill level 7 in Axes
  4173 | D:4      | Mangled by an ogre

Skill      XL: |  1  2  3  4  5  6 |
---------------+-------------------+-----
Fighting       | 4 |  4.9
Axes           | 5 6 7 |  7.0
Armour         | 3 |  3.2
Dodging        | 2 |  2.0
Throwing       | |  0.3
Stealth        | |  0.4

Action                   |  1- 3 |  4- 6 || total
-------------------------+-------+-------++-------
Melee: Hand axe          |   110 |   165 ||   275
Throw: Stone             |       |    12 ||    12
Invok: Berserk           |     1 |     1 ||     2
  Eat: Chunk             |     4 |     8 ||    12
Armor: Animal skin       |     5 |       ||     5
       Leather armour    |    13 |       ||    13
       Scale mail        |    10 |    86 ||    96
Dodge: Dodged            |    66 |   100 ||   166
